 Dungeon Crawl Stone Soup version 0.19-a0-1704-gbd66c22 (webtiles) character file.

585 Charly the Covert (level 7, 0/32 HPs)
             Began as a Spriggan Enchanter on Sept 27, 2016.
             Was an Initiate of Ashenzari.
             Slain by Pikel
             ... wielding a +0 whip of freezing
              (1 damage)
             ... on level 7 of the Dungeon.
             The game lasted 00:20:17 (1158 turns).

Charly the Covert (Spriggan Enchanter)              Turns: 1158, Time: 00:20:18

Health: 0/32       AC:  4    Str:  4    XL:     7   Next: 15%
Magic:  2/12       EV: 18    Int: 18    God:    Ashenzari [......]
Gold:   93         SH:  0    Dex: 17    Spells: 3 memorised, 6 levels left

rFire  . . .     SeeInvis +     a - +1 dagger (curse)
rCold  . . .     Gourm    .     b - +1 robe
rNeg   . . .     Faith    .     (shield restricted)
rPois  .         Spirit   .     (helmet restricted)
rElec  .         Dismiss  .     (no cloak)
rCorr  .         Reflect  .     (gloves unavailable)
MR     +....     Harm     .     (boots unavailable)
Stlth  +++++.....               (no amulet)
                                (no ring)
                                (no ring)

@: very quick
A: unfitting armour, see invisible, herbivore 3, speed 3, slow metabolism 2
a: Curse Item, Renounce Religion


You were on level 7 of the Dungeon.
You worshipped Ashenzari.
Ashenzari was noncommittal.
You were not hungry.

You visited 2 branches of the dungeon, and saw 9 of its levels.

You collected 93 gold pieces.

Inventory:

Hand Weapons
 a - a cursed +1 dagger (weapon)
Armour
 b - a +1 robe (worn)
Wands
 m - a wand of slowing (8/48)
 n - a wand of paralysis (0/24)
 o - a wand of flame (0/48)
Scrolls
 e - a scroll of remove curse
 f - a scroll of identify {unknown}
 i - a scroll of amnesia {unknown}
 j - a scroll of blinking {unknown}
 k - a scroll of immolation {unknown}
 p - a scroll of random uselessness {unknown}
Potions
 g - 2 potions of heal wounds {unknown}
 h - a potion of agility {unknown}
 l - 2 potions of brilliance {unknown}
Books
 c - a book of Maledictions

   Spells                             Type                      Level
   a - Corona                         Hexes                        1
   b - Ensorcelled Hibernation        Hexes/Ice                    2
   c - Confuse                        Hexes                        3
   d - Tukima's Dance                 Hexes                        3
   e - Dazzling Spray                 Conjuration/Hexes            3
Comestibles
 d - 2 bread rations


   Skills:
 + Level 1.4 Short Blades
 - Level 3.0 Dodging
 * Level 9.4 Stealth
 + Level 3.0 Spellcasting
 * Level 7.3 Hexes


You had 6 spell levels left.
You knew the following spells:

 Your Spells              Type           Power        Failure   Level  Hunger
a - Corona                Hex            ####...      1%          1    None
c - Confuse               Hex            ####....     2%          3    ###....
h - Ensorcelled Hibernat  Hex/Ice        ###...       8%          2    ##.....


Dungeon Overview and Level Annotations

Branches:
Dungeon (8/15)             Temple (1/1) D:5
   Lair: D:8-11

Altars:
Ashenzari
Elyvilon
Fedhas
Makhleb
Trog
Vehumet
The Shining One

Annotations:
D:3 Robin
D:6 Zaking's ghost, novice HOFi
D:7 Pikel


Innate Abilities, Weirdness & Mutations

You are very small and have problems with some larger weapons.
You are too small for most types of armour.
You have supernaturally acute eyesight. (SInv)
You are a herbivore.
You cover ground extremely quickly.
You need consume almost no food.


Message History

Okay, then.
Casting: Ensorcelled Hibernation
Confirm with . or Enter, or press ? or * to list all spells.
Okay, then.
Casting: Ensorcelled Hibernation
Confirm with . or Enter, or press ? or * to list all spells.
Aiming: Ensorcelled Hibernation
Press: ? - help, Shift-Dir - straight line, f - bullfrog, p - Pikel
Aim: a bullfrog (chance to defeat MR: 46%)
The bullfrog looks drowsy...
Pikel hits you with a whip of freezing.
* * * LOW HITPOINT WARNING * * *
Pikel freezes you.
* * * LOW HITPOINT WARNING * * *
The bullfrog gives a loud, deep croak!
You closely miss the bullfrog. The bullfrog completely misses you.
Pikel hits you with a whip of freezing.
* * * LOW HITPOINT WARNING * * *
Pikel freezes you.
You die...

#.# #..........# #.#####
##....######
#...p.##########....######
#.###.#...................
#.# #<#.#.......#......."#
#[#####.#....##.#........#
#......>........'........+
#.......#....pK.#...%....#
#.......##...pF@...#######
#.......###.####p###
#.#####......#...### #+#
#.###...l....# ..#
#(.......# ..# #........#
#........# ##+####.## .#


You could see Pikel, 3 slaves and a bullfrog.

Vanquished Creatures
  The ghost of gottagoquickly the Chopper, an amateur MiFi (D:5)
  Menkaure (D:7)
  A slave (D:7)
  An ogre (D:4)
  A bullfrog (D:6)
  A scorpion (D:5)
  A bullfrog zombie (D:5)
  A hound (D:7)
  A centaur skeleton (D:4)
  A worker ant (D:7)
  A worker ant zombie (D:6)
  An adder (D:3)
  A dart slug (D:3)
  A leopard gecko (D:2)
  An orc (D:3)
  2 quokkas
  A ball python (D:2)
  2 frilled lizards (D:3)
  3 goblins
  A leopard gecko skeleton (D:5)
  2 rats (D:2)
26 creatures vanquished.

Vanquished Creatures (others)
  A quokka (D:7)
1 creature vanquished.

Grand Total: 27 creatures vanquished

Notes
Turn   | Place    | Note
-------+----------+-------------------------------------------
     0 | D:1      | Charly the Spriggan Enchanter began the quest for the Orb.
     0 | D:1      | Reached XP level 1. HP: 9/9 MP: 5/5
   145 | D:3      | Reached XP level 2. HP: 11/13 MP: 4/6
   149 | D:3      | Learned a level 2 spell: Ensorcelled Hibernation
   219 | D:3      | Noticed Robin
   283 | D:3      | Reached skill level 5 in Stealth
   340 | D:4      | Found a bloodstained altar of Trog.
   371 | D:4      | Found a blossoming altar of Fedhas.
   374 | D:4      | Found a glowing golden altar of the Shining One.
   377 | D:4      | Found a radiant altar of Vehumet.
   390 | D:4      | Reached XP level 3. HP: 12/16 MP: 6/8
   395 | D:4      | Learned a level 3 spell: Confuse
   434 | D:4      | Found a burning altar of Makhleb.
   461 | D:5      | Entered Level 5 of the Dungeon
   470 | D:5      | Found a staircase to the Ecumenical Temple.
   471 | D:5      | Noticed gottagoquickly's ghost (amateur MiFi)
   493 | Temple   | Entered the Ecumenical Temple
   512 | Temple   | Became a worshipper of Ashenzari the Shackled
   537 | D:5      | Noticed a scorpion
   553 | D:5      | Killed a scorpion
   553 | D:5      | Reached skill level 6 in Stealth
   553 | D:5      | Reached skill level 5 in Hexes
   553 | D:5      | Reached XP level 4. HP: 18/21 MP: 2/9
   638 | D:4      | Noticed an ogre
   696 | D:4      | Killed an ogre
   696 | D:4      | Reached skill level 7 in Stealth
   696 | D:4      | Reached XP level 5. HP: 9/24 MP: 0/10
   742 | D:5      | Killed gottagoquickly's ghost
   742 | D:5      | Reached skill level 8 in Stealth
   742 | D:5      | Reached XP level 6. HP: 14/28 MP: 1/11
   819 | D:6      | Noticed Zaking's ghost (novice HOFi)
   948 | D:7      | Noticed Pikel
   948 | D:7      | Noticed a slave
   949 | D:7      | Noticed a slave
   951 | D:7      | Noticed a slave
   967 | D:7      | Noticed a slave
   974 | D:7      | Killed a slave
  1006 | D:7      | Found a white marble altar of Elyvilon.
  1006 | D:7      | Noticed Menkaure
  1017 | D:7      | Killed Menkaure
  1017 | D:7      | Reached skill level 9 in Stealth
  1017 | D:7      | Reached XP level 7. HP: 32/32 MP: 1/12
  1158 | D:7      | HP: 1/32 [Pikel/whip of freezing (4)]
  1158 | D:7      | Slain by Pikel

Vault maps used:
D:1:      dpeg_arrival_rooms_c
D:2:      kennysheep_crisscross, guppyfry_early_orc_mine
D:3:      grunt_gozag_breadcrumbs, uniq_robin
D:4:      lemuel_castle_with_subvaults, grunt_temple_overflow_cloverleaf,
          first_bread, grunt_ministairs_8, corexii_checkpoint_a, bloody_trog,
          uniq_sigmund, uniq_grinder, uniq_edmund
D:5:      basic_altar
D:7:      elyvilon_altar_4, uniq_crazy_yiuf_cottage, uniq_pikel, uniq_menkaure
D:8:      blue_anna_alchemist, uniq_grum, uniq_erica, uniq_prince_ribbit1,
          uniq_joseph
Temple:   regret_index_temple_generic_petals

Skill      XL: |  1  2  3  4  5  6 |
---------------+-------------------+-----
Hexes          | 4 5 6 7 |  7.3
Stealth        | 5 6 7 8 9 |  9.4
Spellcasting   | 3 |  3.0
Short Blades   | |  1.4
Dodging        | |  3.0

Action                   |  1- 3 |  4- 6 |  7- 9 || total
-------------------------+-------+-------+-------++-------
Melee: Dagger            |    28 |    34 |    24 ||    86
 Cast: Corona            |     5 |       |     2 ||     7
       Ensorcelled Hiber |     4 |     6 |     3 ||    13
       Confuse           |     2 |     5 |     1 ||     8
Invok: Curse Item        |     1 |       |       ||     1
Evoke: Wand              |       |    10 |     6 ||    16
 Stab: Sleeping          |     9 |     7 |       ||    16
       Confused          |       |     6 |     1 ||     7
  Eat: Royal jelly       |     1 |       |       ||     1
Armor: Robe              |     4 |     1 |     6 ||    11
Dodge: Dodged            |    19 |    14 |    27 ||    60
